 Dungeon Crawl Stone Soup version 0.29.0-7-g18a832c13a (webtiles) character file.

Game seed: 17626824951103701145

118173 freelancePsychic the Warrior (level 16, -2/195 HPs)
             Began as a Palentonga Venom Mage on Aug 31, 2022.
             Was an Elder of Ashenzari.
             Slain by a naga warrior
             ... wielding a +0 glaive
              (3 damage)
             ... on level 2 of the Snake Pit.
             The game lasted 01:12:37 (40095 turns).

freelancePsychic the Warrior (PaVM)                Turns: 40095, Time: 01:12:38

Health: -2/195     AC: 45    Str: 14    XL:     16   Next: 24%
Magic:  25/29      EV: 12    Int: 22    God:    Ashenzari [****..]
Gold:   1387       SH:  0    Dex: 12    Spells: 10/33 levels left

rFire   + . .      SeeInvis +   b - +2 flail of Toth-Mos's Legacy {protect, Melee, Cun} (curse)
rCold   + . .      Faith    .   (no shield)
rNeg    + . .      Spirit   .   (body armour currently unavailable)
rPois   ∞          Reflect  .   l - +1 helmet of Desmomancy {Cun, Elem} (curse)
rElec   +          Harm     .   p - +2 cloak of the Sibylline Ether {Self, Elem} (curse)
rCorr   .          Rampage  .   (gloves currently unavailable)
Will    +....      Clarity  +   (no barding)
Stlth   ++........              (no amulet)
HPRegen 0.42/turn               G - ring of Ashenzari's Urgency {rC+, Bglg, Melee} (curse)
MPRegen 0.21/turn               V - ring of protection from fire

@: mighty, statue-form, under a protective aura, hasted and slowed, constricted,
curled up, very slow
A: slow and powerful, torment resistance 1, boosted hp, large, rugged brown
scales 3, see invisible, deformed body, roll 1, armoured tail, reflexive curl
a: Rolling Charge, End Transformation, Renounce Religion, Curse Item, Shatter
the Chains


You were on level 2 of the Snake Pit.
You worshipped Ashenzari.
Ashenzari was greatly pleased with you.
You were a living statue of rough stone.
You visited 5 branches of the dungeon, and saw 25 of its levels.
You visited the Abyss 1 time.
You also visited: Ossuary and Bailey.

You collected 2398 gold pieces.
You spent 1011 gold pieces at shops.

Inventory:

Hand Weapons
 b - the cursed +2 flail of Toth-Mos's Legacy (weapon) {protect, Melee, Cun}
   (You took it off Terence on level 2 of the Dungeon)

   It grants its wielder temporary protection when it strikes (+7 to AC).
   It has a curse which improves the following skills: Melee Combat: Short
   Blades, Long Blades, Axes, Maces & Flails, Polearms, Staves and Unarmed
   Combat.
   Cunning:   Dodging and Stealth.
 c - a +0 dagger
 T - a +0 morningstar
Missiles
 F - 2 throwing nets
Armour
 l - the cursed +1 helmet of Desmomancy (worn) {Cun, Elem}
   (You bought it in a shop on level 4 of the Dungeon)

   It has a curse which improves the following skills: Cunning: Dodging and
   Stealth.
   Elements:  Fire Magic, Ice Magic, Air Magic and Earth Magic.
 p - the cursed +2 cloak of the Sibylline Ether (worn) {Self, Elem}
   (You took it off Crazy Yiuf on level 2 of the Dungeon)

   It has a curse which improves the following skills: Introspection: Fighting
   and Spellcasting.
   Elements:  Fire Magic, Ice Magic, Air Magic and Earth Magic.
 C - the cursed +0 robe "Behold Eternity" (melded) {rC+ rF+, Evo, Cun}
   (You found it on level 4 of the Dungeon)

   It has a curse which improves the following skills: Evocations: Evocations.
   Cunning:   Dodging and Stealth.
 S - the cursed +1 pair of gloves of Ashenzari's Visionary (melded) {Str+4, Range, Bglg}
   (You bought it in a shop on level 4 of the Dungeon)

   Str:       It affects your strength (+4).
   It has a curse which improves the following skills: Ranged Combat: Ranged
   Weapons and Throwing.
   Beguiling: Conjurations, Hexes and Translocations.
Jewellery
 g - a +6 ring of intelligence
 j - a +4 ring of protection
 G - the cursed ring of Ashenzari's Urgency (left fist) {rC+, Bglg, Melee}
   (You found it on level 6 of the Dungeon)

   [ring of protection from cold]

   rC:        It protects you from cold.
   It has a curse which improves the following skills: Beguiling: Conjurations,
   Hexes and Translocations.
   Melee Combat: Short Blades, Long Blades, Axes, Maces & Flails, Polearms,
   Staves and Unarmed Combat.
 Q - a ring of willpower
 R - a ring of poison resistance
 V - a ring of protection from fire (right fist)
Wands
 n - a wand of quicksilver (5)
 r - a wand of polymorph (4)
 w - a wand of iceblast (8)
 A - a wand of paralysis (33)
 M - a wand of digging (3)
 O - a wand of mindburst (6)
Scrolls
 e - 5 scrolls of enchant weapon
 f - 3 scrolls of vulnerability
 i - 2 scrolls of enchant armour
 s - 6 scrolls of immolation
 t - 4 scrolls of magic mapping
 y - 3 scrolls of teleportation {@r4}
 B - 7 scrolls of amnesia
 E - 4 scrolls of poison
 H - 3 scrolls of silence
 K - 4 scrolls of summoning
 U - a scroll of blinking
Potions
 d - 9 potions of curing {@q1}
 h - 3 potions of cancellation
 k - 10 potions of might
 o - 5 potions of lignification
 q - 3 potions of berserk rage
 u - 9 potions of heal wounds {@q2}
 v - 2 potions of brilliance
 x - a potion of haste {@q3}
 z - 4 potions of resistance
 D - 6 potions of magic
 I - 3 potions of ambrosia
 J - 4 potions of mutation
 N - a potion of invisibility
 P - 8 potions of flight
Miscellaneous
 a - a condenser vane
 W - a phial of floods (inert)


   Skills:
 - Level 15.2(17.1) Fighting
 - Level 11.0(14.0) Maces & Flails
 + Level 11.0(13.9) Dodging
 - Level 1.2(3.0) Stealth
 - Level 7.0(9.0) Spellcasting
 - Level 6.8(8.8) Hexes
 - Level 1.6 Necromancy
 - Level 9.2 Transmutations
 * Level 7.0(10.0) Earth Magic
 - Level 7.6 Poison Magic
 - Level 8.3 Evocations


You had 10 spell levels left.
You knew the following spells:

 Your Spells              Type           Power      Damage    Failure   Level
a - Borgnjor's Vile Clut  Necr/Erth      17%        N/A       17%         5
b - Statue Form           Tmut/Erth      34%        N/A       19%         6
c - Yara's Violent Unrav  Hex/Tmut       24%        3d11      4%          5
d - Olgreb's Toxic Radia  Pois           43%        N/A       3%          4
e - Poisonous Vapours     Pois/Air       54%        N/A       1%          2
f - Sting                 Tmut/Pois      100%       1d8       1%          1

Your spell library contained the following spells:

 Spells                   Type           Power      Damage    Failure   Level
 Tukima's Dance           Hex            49%        N/A       1%          3
 Leda's Liquefaction      Hex/Erth       25%        N/A       1%          4
 Inner Flame              Hex/Fire       30%        N/A       3%          3
 Summon Guardian Golem    Hex/Summ       29%        N/A       3%          3
 Apportation              Tloc           22%        N/A       6%          1
 Foxfire                  Conj/Fire      44%        2x1d6     6%          1
 Freeze                   Ice            44%        1d6       6%          1
 Mephitic Cloud           Conj/Pois/Air  22%        N/A       6%          3
 Alistair's Intoxication  Tmut/Pois      31%        N/A       6%          5
 Summon Small Mammal      Summ           36%        N/A       7%          1
 Frozen Ramparts          Ice            22%        1d4       17%         3
 Conjure Flame            Conj/Fire      11%        6-21      19%         3
 Call Canine Familiar     Summ           9%         N/A       21%         3
 Summon Mana Viper        Hex/Summ       29%        N/A       30%         5
 Flame Wave               Conj/Fire      11%        2d6       52%         4
 Hailstorm                Conj/Ice       11%        3d5       52%         4
 Passage of Golubria      Tloc           11%        N/A       52%         4
 Summon Ice Beast         Ice/Summ       10%        N/A       52%         4
 Summon Lightning Spire   Summ/Air       10%        N/A       52%         4
 Summon Forest            Summ/Tloc      5%         N/A       87%         5
 Summon Cactus Giant      Summ           4%         N/A       100%        6
 Monstrous Menagerie      Summ           4%         N/A       100%        7
 Storm Form               Tmut/Air       15%        N/A       100%        7
 Maxwell's Capacitive Co  Air            5%         ∞         100%        8


Dungeon Overview and Level Annotations

Branches:
Dungeon (15/15)            Temple (1/1) D:4            Lair (5/5) D:9
  Swamp (0/4) Lair:2        Snake (2/4) Lair:3        Slime (0/5) Lair:4
    Orc (2/2) D:9             Elf (0/3) Orc:2        Vaults (0/5) D:14
 Depths (0/4) D:15        Ossuary (visited)          Bailey (visited)

Altars:
Ashenzari
Cheibriados
Fedhas
Hepliaklqana
Kikubaaqudgha
Makhleb
Nemelex Xobeh
Okawaru
Ru
Trog
Vehumet
Wu Jian
Xom
Yredelemnul
Zin
The Shining One
Jiyva
Lugonu

Shops:
D:4 [[[   D:7 (   D:8 *   D:9 *   D:15 [((:   Orc:2 ((!(   Snake:2 ==:

Portals:
Abyss: Lair:5 Snake:1

Annotations:
D:4 1 runed translucent door, BuzzyBeetle's ghost, amateur GnWn
D:8 exclusion: boulder beetle
D:15 2 runed translucent doors, Yamstis's ghost, adept GnMo
Lair:1 exclusion: oklob plant
Snake:1 2 transporters, videwesjr's ghost, journeyman MiBe


Innate Abilities, Weirdness & Mutations

You are a living statue of rough stone.
Your actions are slow, but your melee attacks are powerful.
You are resistant to unholy torment.
Your maximum health is greatly increased.
You are immune to poison.
Your equipment is partially melded.
(You are completely covered in rugged brown scales. (AC +3, +7% HP))
You have supernaturally acute eyesight. (SInv)
Armour fits poorly on your strangely shaped body.
You can roll at nearby foes to attack.
You have a long armoured tail.
You curl defensively after being hit. (AC +7*)


Message History

The naga sharpshooter shoots an arrow.
The arrow barely misses you.
The arrow barely misses the anaconda.
The arrow hits the guardian serpent!
You sock the anaconda!
You kill the anaconda!
The naga spits poison at you.
The splash of poison hits you but does no damage.
You resist.
The naga sharpshooter spits poison at you.
The splash of poison hits you but does no damage.
You resist.
Your base Earth Magic skill increases to level 7!
You feel yourself speed up.
The guardian serpent coils itself and waves its upper body at you.
You feel yourself slow down.
The guardian serpent casts a spell at you.
The naga spits poison at you.
The splash of poison hits you but does no damage.
You resist.
The naga sharpshooter shoots an arrow.
The arrow hits you!
* * * LOW HITPOINT WARNING * * *
The naga sharpshooter casts a spell.
The naga sharpshooter magically shoots an arrow.
The arrow hits you but does no damage.
The guardian serpent coils itself and waves its upper body at you.
The bolt of poison misses you.
The bolt of poison hits the naga sharpshooter.
You hear a shout!
You feel very mighty all of a sudden.
The naga warrior hits you with a +0 glaive!!!
* * * LOW HITPOINT WARNING * * *
The naga warrior grabs you. The naga warrior constricts you.
The naga hits you with a +2 vampiric battleaxe!
* * * LOW HITPOINT WARNING * * *
The guardian serpent barely misses you.
The naga sharpshooter shoots an arrow.
The arrow barely misses you.
The arrow closely misses the guardian serpent.
The arrow hits the naga warrior.
The naga hits you with a +2 vampiric battleaxe!
* * * LOW HITPOINT WARNING * * *
The naga warrior hits you with a +0 glaive.
You die...

, ..##*#..... * ,,* ,,*
*...##....,,, ,, *
,,,*#####....... ,, *,, ,
*, #..........#* * * ,
.......N...# ♣♣♣♣** , ,
..........## PP.♣♣* ,,* ,
.........##♣P.∩.♣♣** * *
*,.........)#♣N...P♣ ,* ,
#####....NS8N⌠.∩.♣ ..# **
#.....#♣N...P♣#..## * * *,
##..)..#♣P.∩.♣♣#...###. ,
#......# PP.♣♣##.#.#... *
* *#......# ♣♣♣♣##..#.....
*,*
#..#....#######.......#*
,, #..#...###..........# *
, ,,
*#..#...###.##..)..#.# ,,
*...#....#.......#.#.#####


You could see 2 naga warriors, 2 naga sharpshooters, a guardian serpent and a
naga (strong, catching breath).

Vanquished Creatures
  Jorgrun (D:13)
  A nagaraja (Snake:2)
  An orc warlord (Orc:1)
  Snorg (Lair:3)
  An ettin (Orc:1)
  A great orb of eyes (D:15)
  7 hydras
  6 boulder beetles
  6 anacondas
  5 centaur warriors
  5 two-headed ogres
  4 naga warriors (Snake:1)
  3 orc high priests (Orc:2)
  2 tengu warriors (D:13)
  Urug (D:12)
  A naga sharpshooter (Snake:1)
  Nergalle (Lair:1)
  3 thrashing horrors (Lair:5)
  4 shock serpents (Snake:1)
  Sonja (D:13)
  2 naga ritualists
  4 bog bodies (Lair:2)
  A wizard (D:14)
  Pikel (D:6)
  A deep elf pyromancer (D:15)
  2 salamanders (Snake:1)
  6 orc sorcerers
  25 ugly things
  8 orc knights
  4 mana vipers (Snake:1)
  A shining eye (shapeshifter) (D:15)
  5 cyclopes
  2 manticores
  A guardian serpent (Snake:1)
  Maurice (D:9)
  A torpor snail (Lair:1)
  4 naga magi (Snake:1)
  6 elephants
  24 black mambas
  A gargoyle (D:13)
  A rime drake (Lair:4)
  10 cane toads
  2 smoke demons (Lair:5)
  A freezing wraith (D:14)
  A kobold demonologist (D:11)
  3 unseen horrors
  5 komodo dragons
  5 yaktaurs (D:15)
  2 ancient zymes (Lair:5)
  5 trolls
  A wolf spider simulacrum (D:14)
  A polar bear (Lair:1)
  11 slime creatures
  33 blink frogs
  11 dream sheep
  Prince Ribbit (D:9)
  A spriggan (Lair:5)
  A spriggan (shapeshifter) (D:14)
  8 small abominations (Lair:5)
  A wyvern (D:10)
  3 ynoxinuls (Lair:5)
  8 basilisks
  54 yaks
  2 steam dragons
  2 chaos spawn (Lair:5)
  15 vampire mosquitoes
  4 wargs
  Menkaure (D:7)
  Edmund (D:6)
  8 nagas
  2 hell hounds (D:10)
  17 water moccasins
  3 sky beasts
  A black bear (D:4)
  15 ogres
  25 orc warriors
  7 wolves
  4 boggarts (D:15)
  14 centaurs
  4 lemures (D:6)
  2 phantoms
  4 kobold brigands (D:9)
  A necrophage (D:6)
  A scorpion (shapeshifter) (Lair:5)
  17 bullfrogs
  5 gnoll sergeants
  2 scorpions (D:6)
  8 wights
  21 killer bees
  3 howler monkeys
  2 electric eels
  6 hounds
  4 jellies
  10 orc priests
  A gnoll bouda (D:7)
  Crazy Yiuf (D:2)
  Terence (D:2)
  2 iguanas (D:6)
  14 orc wizards
  5 hell rats (Lair:2)
  13 mummies (Ossuary)
  11 gnolls
  8 adders
  A shadow imp (D:6)
  2 white imps
  3 ufetubi
  3 worms
  A dart slug (D:5)
  93 orcs
  5 endoplasms
  2 giant cockroaches
  12 goblins
  6 hobgoblins
  2 jackals (D:5)
  7 kobolds
  3 quokkas
  12 ball pythons
  5 bats
  5 frilled lizards
  2 gnoll skeletons (Ossuary)
  2 goblin skeletons (Ossuary)
  4 orc skeletons (Ossuary)
  5 rats
  11 rat skeletons (Ossuary)
  A spectral orc (D:9)
778 creatures vanquished.

Vanquished Creatures (others)
  A wight (D:10)
  An orc wizard (Orc:2)
  17 fungi
  24 plants
43 creatures vanquished.

Grand Total: 821 creatures vanquished

Notes
Turn   | Place    | Note
-------+----------+-------------------------------------------
     0 | D:1      | freelancePsychic the Palentonga Venom Mage began the quest
                  | for the Orb.
     0 | D:1      | Reached XP level 1. HP: 13/13 MP: 3/3
   218 | D:1      | Reached skill level 1 in Fighting
   248 | D:1      | Reached XP level 2. HP: 22/22 MP: 1/5
   709 | D:1      | Found a faded altar of an unknown god.
  1117 | D:2      | Reached XP level 3. HP: 27/27 MP: 2/6
  1120 | D:2      | Learned a level 2 spell: Poisonous Vapours
  1787 | D:2      | Noticed Terence
  1891 | D:2      | Killed Terence
  1892 | D:2      | Reached skill level 2 in Fighting
  1892 | D:2      | Reached XP level 4. HP: 4/35 MP: 3/7
  2533 | D:2      | Found a runed translucent door.
  2534 | D:2      | Noticed Crazy Yiuf
  2735 | D:2      | Killed Crazy Yiuf
  3106 | D:3      | Learned a level 4 spell: Olgreb's Toxic Radiance
  3497 | D:3      | Reached XP level 5. HP: 41/41 MP: 4/9
  3848 | D:4      | Found a staircase to the Ecumenical Temple.
  3940 | D:4      | Noticed an ogre
  3970 | D:4      | Killed an ogre
  3971 | D:4      | Reached skill level 3 in Fighting
  4063 | Temple   | Entered the Ecumenical Temple
  4132 | Temple   | Became a worshipper of Ashenzari the Shackled
  4343 | D:4      | Found a runed translucent door.
  4493 | D:4      | Found Ulunium's Antique Armour Boutique.
  4506 | D:4      | Noticed a black bear
  4520 | D:4      | Killed a black bear
  4521 | D:4      | Reached skill level 4 in Fighting
  4521 | D:4      | Reached XP level 6. HP: 51/51 MP: 0/10
  4609 | D:4      | Found Tyhyomoc's Armour Boutique.
  4768 | D:4      | Found Zeheniul's Antique Armour Shoppe.
  4980 | D:4      | Identified the -2 pair of boots "Datogoum" {Will+ SInv}
  5113 | D:4      | Found a bloodstained altar of Trog.
  5161 | D:4      | Noticed BuzzyBeetle's ghost (amateur GnWn)
  5181 | D:5      | Entered Level 5 of the Dungeon
  5343 | D:5      | Gained mutation: You curl defensively after being hit. (AC
                  | +7*) [Palentonga growth]
  5343 | D:5      | Reached XP level 7. HP: 58/58 MP: 11/11
  5479 | D:5      | Reached skill level 5 in Fighting
  5574 | D:5      | Reached skill level 5 in Poison Magic
  5836 | D:5      | You fall into a shaft and drop 1 floor!
  5871 | D:6      | Reached * piety under Ashenzari
  5909 | D:6      | Found a sand-covered staircase.
  5918 | Ossuary  | Entered an ossuary
  6339 | Ossuary  | Reached skill level 6 in Fighting
  6524 | Ossuary  | Reached XP level 8. HP: 62/68 MP: 12/12
  6880 | D:5      | Reached ** piety under Ashenzari
  7336 | D:6      | Noticed Edmund
  7356 | D:6      | Killed Edmund
  7357 | D:6      | Reached skill level 7 in Fighting
  7675 | D:6      | Found a snail-covered altar of Cheibriados.
  8058 | D:6      | Found a sparkling altar of Nemelex Xobeh.
  8446 | D:6      | Noticed Pikel
  8458 | D:6      | Killed Pikel
  8459 | D:6      | Reached skill level 8 in Fighting
  8459 | D:6      | Reached XP level 9. HP: 78/83 MP: 8/15
  8634 | D:7      | Reached skill level 1 in Maces & Flails
  8652 | D:7      | Reached skill level 1 in Evocations
  8917 | D:7      | Found a flagged portal.
  8922 | D:7      | Reached skill level 9 in Fighting
  8929 | Bailey   | Entered a bailey
  9192 | Bailey   | Noticed an orc knight
  9193 | Bailey   | Noticed an orc knight
  9244 | Bailey   | Killed an orc knight
  9464 | Bailey   | Noticed an orc knight
  9770 | Bailey   | Killed an orc knight
  9771 | Bailey   | Reached XP level 10. HP: 86/94 MP: 7/18
  9956 | Bailey   | Killed an orc knight
 10186 | D:7      | Noticed Menkaure
 10202 | D:7      | Killed Menkaure
 10231 | D:7      | Identified the cursed +2 cloak of the Sibylline Ether
                  | {Self, Elem} (You took it off Crazy Yiuf on level 2 of the
                  | Dungeon)
 10231 | D:7      | Identified the cursed +0 robe "Behold Eternity" {rC+ rF+,
                  | Evo, Cun} (You found it on level 4 of the Dungeon)
 10312 | D:4      | Bought a pair of ichor-stained gloves for 266 gold pieces
 10312 | D:4      | Identified the +1 pair of gloves "Ije Sila" {Str+4} (You
                  | bought it in a shop on level 4 of the Dungeon)
 10317 | D:4      | Reached *** piety under Ashenzari
 10391 | D:7      | Found Poinumm's Antique Weapon Shop.
 10770 | D:8      | Noticed a boulder beetle
 10901 | D:8      | Found Seloroz's Assorted Antiques.
 11029 | D:8      | Reached skill level 5 in Maces & Flails
 11035 | D:8      | Reached skill level 10 in Fighting
 11035 | D:8      | Reached skill level 5 in Spellcasting
 11874 | D:9      | Found a staircase to the Lair.
 11874 | D:9      | Noticed Prince Ribbit
 11880 | D:9      | Killed Prince Ribbit
 12395 | D:4      | Bought a +0 helmet for 49 gold pieces
 12519 | D:9      | Found Beqiluid's Assorted Antiques.
 12677 | D:9      | Found a basalt altar of Yredelemnul.
 12836 | D:9      | Found a shimmering altar of Xom.
 12836 | D:9      | Found a shimmering altar of Xom.
 12837 | D:9      | Found a shimmering altar of Xom.
 12837 | D:9      | Found a shimmering altar of Xom.
 13009 | D:9      | Identified the +1 robe of Responsibility {rF+}
 13026 | D:9      | Reached XP level 11. HP: 103/104 MP: 12/23
 13743 | D:9      | Found a staircase to the Orcish Mines.
 13877 | D:9      | Reached **** piety under Ashenzari
 13878 | D:9      | Noticed Maurice
 13886 | D:9      | Identified the cursed +2 flail of Toth-Mos's Legacy
                  | {protect, Melee, Cun} (You took it off Terence on level 2
                  | of the Dungeon)
 13886 | D:9      | Identified the cursed ring of the Fated Shame {Dex+6, Alch,
                  | Self} (You took it off a goblin on level 2 of the Dungeon)
 13891 | D:9      | Killed Maurice
 13892 | D:9      | Reached skill level 11 in Fighting
 14018 | D:10     | Entered Level 10 of the Dungeon
 14291 | D:10     | Noticed a two-headed ogre
 14307 | D:10     | Killed a two-headed ogre
 15173 | D:10     | Found an ancient bone altar of Kikubaaqudgha.
 15173 | D:10     | Found a radiant altar of Vehumet.
 15174 | D:10     | Found a sacrificial altar of Ru.
 15431 | D:11     | Noticed a boulder beetle
 15441 | D:11     | Killed a boulder beetle
 15444 | D:11     | Reached skill level 5 in Evocations
 15570 | D:11     | Noticed a soul eater
 15672 | D:11     | Reached skill level 12 in Fighting
 15733 | D:11     | Identified the +1 chain mail "Qerghuf" {Str+4 Dex+2}
 15862 | D:11     | Noticed a two-headed ogre
 15881 | D:11     | Killed a two-headed ogre
 16055 | D:11     | Reached XP level 12. HP: 97/116 MP: 22/26
 16334 | Orc:1    | Entered Level 1 of the Orcish Mines
 16484 | Orc:1    | Noticed an ettin
 16492 | Orc:1    | Killed an ettin
 16610 | Orc:2    | Entered Level 2 of the Orcish Mines
 16641 | Orc:2    | Found a staircase to the Elven Halls.
 17223 | Orc:2    | Noticed an orc high priest
 17223 | Orc:2    | Noticed an orc high priest
 17223 | Orc:2    | Noticed an orc high priest
 17228 | Orc:2    | Killed an orc high priest
 17228 | Orc:2    | Killed an orc high priest
 17228 | Orc:2    | Killed an orc high priest
 17231 | Orc:2    | Reached skill level 13 in Fighting
 17231 | Orc:2    | Reached skill level 10 in Maces & Flails
 17286 | Orc:2    | Found Vuqaim's Antique Weapon Emporium.
 17286 | Orc:2    | Found Xeujuv's Antique Weapon Emporium.
 17288 | Orc:2    | Found Iweusale's Distillery.
 17288 | Orc:2    | Found Jycibav's Antique Weapon Shop.
 17873 | Orc:1    | Noticed an orc warlord
 18215 | Orc:1    | Noticed a two-headed ogre
 18224 | Orc:1    | Killed a two-headed ogre
 18380 | Orc:1    | Killed an orc warlord
 18381 | Orc:1    | Reached XP level 13. HP: 114/127 MP: 9/27
 18856 | D:4      | Bought a fine chain mail for 228 gold pieces
 18856 | D:4      | Identified the +0 chain mail "Davuodou" {Int+5 SInv} (You
                  | bought it in a shop on level 4 of the Dungeon)
 18967 | Lair:1   | Entered Level 1 of the Lair of Beasts
 19511 | Lair:1   | Noticed Nergalle
 19525 | Lair:1   | Killed Nergalle
 19792 | Lair:1   | Reached skill level 14 in Fighting
 21748 | Lair:2   | Found a staircase to the Swamp.
 22044 | Lair:3   | Reached skill level 5 in Dodging
 22074 | Lair:3   | Noticed Snorg
 22109 | Lair:3   | Killed Snorg
 22268 | Lair:3   | Found a staircase to the Snake Pit.
 23024 | Lair:3   | Reached skill level 15 in Fighting
 24290 | Lair:4   | Reached XP level 14. HP: 112/139 MP: 28/28
 24436 | Lair:4   | Reached skill level 1 in Hexes
 25113 | Lair:4   | Found a viscous altar of Jiyva.
 25113 | Lair:4   | Found a staircase to the Slime Pits.
 25540 | Lair:5   | Entered Level 5 of the Lair of Beasts
 25760 | Lair:4   | Learned a level 5 spell: Yara's Violent Unravelling
 27396 | Lair:5   | Reached skill level 5 in Transmutations
 27735 | Lair:5   | Reached skill level 5 in Hexes
 29086 | Lair:5   | Found a corrupted altar of Lugonu.
 29086 | Lair:5   | Found a one-way gate to the infinite horrors of the Abyss.
 29354 | D:12     | Noticed Urug
 29366 | D:12     | Killed Urug
 30363 | D:13     | Noticed Sonja
 30375 | D:13     | Killed Sonja
 30670 | D:13     | Noticed Jorgrun
 30685 | D:13     | Killed Jorgrun
 30686 | D:13     | Reached XP level 15. HP: 121/145 MP: 22/29
 34006 | D:14     | Found a gate to the Vaults.
 34008 | Abyss:2  | Cast into level 2 of the Abyss (a wizard)
 34033 | D:14     | Escaped the Abyss
 34437 | D:15     | Entered Level 15 of the Dungeon
 34464 | D:15     | Found Jijesuy's Antique Weapon Shoppe.
 34469 | D:15     | Found Gekik's Book Boutique.
 34530 | D:15     | Bought Nafiwyiz's Codex of the Quarry for 468 gold pieces
 34689 | D:15     | Found Huileoh's Antique Weapon Shop.
 34701 | D:15     | Found Onijar's Antique Armour Emporium.
 34716 | D:15     | Reached skill level 10 in Dodging
 34860 | D:15     | Reached skill level 1 in Earth Magic
 35051 | D:15     | Noticed Yamstis's ghost (adept GnMo)
 35051 | D:15     | Noticed a lich
 35073 | D:15     | Noticed a sphinx
 35217 | D:15     | Found an ancient bone altar of Kikubaaqudgha.
 35621 | D:14     | Learned a level 6 spell: Statue Form
 35627 | D:14     | Learned a level 5 spell: Borgnjor's Vile Clutch
 35813 | D:15     | Reached skill level 1 in Necromancy
 35816 | D:15     | Found a staircase to the Depths.
 35968 | D:15     | Found a runed translucent door.
 35973 | D:15     | Found the +3 pair of seven-league boots {Rampage+∞}
 36018 | D:15     | Found a runed translucent door.
 36737 | D:15     | Noticed a frost giant
 37043 | Snake:1  | Entered Level 1 of the Snake Pit
 37974 | Snake:1  | Reached skill level 5 in Earth Magic
 38010 | Snake:1  | Found a transporter.
 38047 | Snake:1  | Reached XP level 16. HP: 88/150 MP: 29/29
 39026 | Snake:1  | Identified the +6 great mace "Beocal" {antimagic, Will+
                  | Dex+6}
 39357 | Snake:1  | Found a transporter.
 39377 | Snake:1  | Noticed videwesjr's ghost (journeyman MiBe)
 40053 | Snake:2  | Identified the +9 mace "Spiderbane" {elec, Str+4}
 40072 | Snake:2  | Found Ken Pokk's Jewellery Emporium.
 40074 | Snake:2  | Found Ygia's Jewellery Emporium.
 40080 | Snake:2  | Found Xibb's Book Boutique.
 40095 | Snake:2  | HP: 8/195 [naga/+2 vampiric battleaxe (13)]
 40095 | Snake:2  | HP: 1/195 [naga/+2 vampiric battleaxe (7)]
 40095 | Snake:2  | Slain by a naga warrior

Illustrated notes

Levels and vault maps discovered:
D:1:      dpeg_arrival_castle, layout_rooms, basic_ecumenical_altar,
          nrook_mini_backslash
D:2:      layout_basic, serial_curves, eino_curves_03, eino_curves_02,
          uniq_terence, uniq_crazy_yiuf_cottage
D:3:      layout_basic, serial_bayou_lagoon_a
D:4:      layout_rooms, lemuel_coloured_pillars_altar, temple_fountains,
          ebering_ghost_reflecting_pool, serial_shops,
          nicolae_shop_window_shopping, shop, kennysheep_mini,
          corexii_hall_statues_l
D:5:      layout_gridville, minivault_1
D:6:      layout_layer_cave, gup_sewer_entry_pipe, enter_ossuary_1,
          kennysheep_diamond, corexii_corridor_pit, hangedman_feature_mirror,
          minmay_diced_spiral, uniq_edmund, uniq_pikel
D:7:      layout_cave_pools, serial_shops, shop, enter_bailey_7, uniq_menkaure
D:8:      layout_basic, serial_shops, nicolae_shop_advertising_works
          [nicolae_subvault_shop_adworks]
D:9:      layout_loops_corners, xom_shifter_show,
          yredelemnul_forgotten_temple_becter, lair_entry_dummy,
          kennysheep_orc_monster_closet_entryway, serial_shops,
          nicolae_take_the_stairs, uniq_prince_ribbit1, uniq_maurice
D:10:     layout_loops_cross, gammafunk_temple_overflow_claw,
          minmay_rotating_lava
D:11:     layout_rooms
D:12:     layout_roguey, uniq_urug
D:13:     layout_big_octagon, uniq_jorgrun, uniq_sonja
D:14:     layout_roguey, david_vaults_1
D:15:     gammafunk_enter_depths_forms, layout_cave_pools,
          muffindrake_ghost_dual_entry, kiku_gazebo_pond_becter, serial_shops,
          shop_statue, shop, shop, nicolae_shop_crystal,
          serial_co_window_serial, co_window_paths_b, co_window_paths_a,
          co_window_paths_a, co_window_corner_a, co_window_paths_a,
          co_window_2corner, co_window_unsneaky_path_c, co_window_cross_3,
          co_window_corner_b, co_window_of_opportunity_b,
          co_window_of_opportunity_b, glass_columns_b, glass_columns_a,
          glass_columns_a, glass_columns_a
Temple:   eino_temple_scatter_basement
Lair:1:   layout_concentric_octagons, fungi_pond_lemuel,
          minmay_lair_oklob_items, fungi_pond_lemuel,
          chequers_serial_rivers_room_b, ldierk_geyser, uniq_nergalle
Lair:2:   layout_cave_pods, nicolae_swamp_entry_splash_gauntlet,
          lemuel_fruit_tree, grunt_megastairs_3, serial_bayou_shore_a
Lair:3:   layout_chaotic_city, minmay_snake_entry_six_corridors, uniq_snorg
Lair:4:   layout_regular_city, minmay_slime_entry_pillars, grunt_megastairs_1
Lair:5:   hellmonk_lair_end_abyssal_woods, layout_long_grid,
          dreamdust_mushroom_princess, chequers_serial_rivers_small_a,
          serial_bayou_shore_b
Snake:1:  layout_concentric_octagons, gammafunk_ghost_abyssal_escape
Snake:2:  layout_misc_corridors, minmay_shop_grove, uniq_asterion
Orc:1:    layout_caves
Orc:2:    st_orc_elflike, layout_caves

Skill      XL: |  1  2  3  4  5  6  7  8  9 10 11 12 13 14 15 16 |
---------------+-------------------------------------------------+-----
Fighting       | 1 2 4 6 8 9 10 12 13 15 | 15.2
Poison Magic   | 3 4 5 7 |  7.6
Spellcasting   | 3 6 7 |  7.0
Maces & Flails | 3 6 8 10 11 | 11.0
Evocations     | 3 5 8 |  8.3
Dodging        | 6 8 10 11 | 11.0
Hexes          | 6 |  6.8
Transmutations | 6 9 |  9.2
Earth Magic    | 5 7 |  7.0
Necromancy     | 1 |  1.6
Stealth        | |  1.2

Action                   |  1- 3 |  4- 6 |  7- 9 | 10-12 | 13-15 | 16-18 || total
-------------------------+-------+-------+-------+-------+-------+-------++-------
Melee: Dagger            |    31 |       |       |       |       |       ||    31
       Tailslap          |     2 |     7 |    48 |    74 |   302 |    31 ||   464
       Punch             |     1 |       |     5 |     5 |    20 |     1 ||    32
       Flail             |       |    72 |   279 |   387 |  1442 |   145 ||  2325
 Cast: Sting             |    60 |     8 |     1 |       |       |       ||    69
       Poisonous Vapours |     8 |    64 |    75 |     8 |       |     2 ||   157
       Olgreb's Toxic Ra |       |       |    30 |    95 |   132 |       ||   257
       Statue Form       |       |       |       |       |    11 |    10 ||    21
       Borgnjor's Vile C |       |       |       |       |     3 |     4 ||     7
Invok: Curse Item        |       |     1 |     3 |     3 |       |       ||     7
       Shatter the Chain |       |       |       |       |     1 |       ||     1
 Abil: Rolling Charge    |       |       |     4 |    14 |    37 |     3 ||    58
Evoke: Wand              |       |       |     2 |     8 |    34 |     1 ||    45
       Condenser vane    |       |       |       |     1 |     1 |       ||     2
       Phial of floods   |       |       |       |       |     1 |     1 ||     2
  Use: Scroll            |     1 |    11 |     5 |     3 |     8 |       ||    28
       Potion            |     1 |       |     2 |     3 |     2 |     5 ||    13
 Stab: Sleeping          |       |     2 |     8 |     2 |     4 |       ||    16
       Distracted        |       |       |     2 |       |       |       ||     2
       Paralysed         |       |       |       |     7 |     4 |       ||    11
Armor: Robe              |    11 |    24 |   129 |   165 |   553 |     7 ||   889
       Skin              |       |       |       |    31 |   147 |   182 ||   360
Dodge: Dodged            |    19 |    45 |   180 |   194 |  1011 |   215 ||  1664
